 Dungeon Crawl Stone Soup version 0.17-a0-1850-g688e747 (webtiles) character file.

1038 Gargoyl the Ducker (level 8, -5/67 HPs)
             Began as a Demonspawn Abyssal Knight on Sept 19, 2015.
             Was a Priest of Lugonu.
             Slain by an ogre
             ... wielding a +0 giant spiked club
              (18 damage)
             ... on level 5 of the Dungeon.
             The game lasted 00:11:44 (5700 turns).

Gargoyl the Ducker (Demonspawn Abyssal Knight)      Turns: 5700, Time: 00:11:45

Health: -5/67      AC: 12    Str: 20      XL:     8   Next: 4%
Magic:  10/10      EV: 13    Int: 13 (17) God:    Lugonu [***...]
Gold:   198        SH:  0    Dex: 13      Spells: 0 memorised, 7 levels left

rFire  . . .     SeeInvis .     g - +0 war axe
rCold  . . .     Clarity  .     n - +0 ring mail
rNeg   + . .     SustAt   .     (no shield)
rPois  .         Gourm    .     (helmet restricted)
rElec  .         Spirit   .     z - +2 cloak
rCorr  .         Warding  .     (no gloves)
rMut   .         Stasis   .     c - +0 pair of boots
MR     .....                    y - amulet of faith
Stlth  +.........               j - ring of positive energy
                                l - +4 ring of intelligence

@: mighty, not resistant to hostile enchantments, very unstealthy
A: claws 2, horns 1, thin metallic scales 1, blurry vision 1, powered by pain 1,
robust 1
a: Depart the Abyss, Bend Space, Banish, Renounce Religion


You were on level 5 of the Dungeon.
You worshipped Lugonu.
Lugonu was most pleased with you.
You were not hungry.

You visited 1 branch of the dungeon, and saw 5 of its levels.
You visited the Abyss 1 time.

You collected 198 gold pieces.

Inventory:

Hand weapons
 g - a +0 war axe (weapon)
 m - a cursed -3 flail
Armour
 c - a +0 pair of boots (worn)
 n - a +0 ring mail (worn)
 z - a +2 cloak (worn)
Jewellery
 j - a ring of positive energy (right claw)
 l - a +4 ring of intelligence (left claw)
 y - an amulet of faith (around neck)
Magical devices
 p - a wand of flame (48)
Scrolls
 b - a scroll of teleportation
 e - 2 scrolls of fear
 f - 6 scrolls of identify
 i - a scroll of enchant armour {unknown}
 k - 2 scrolls of noise
 q - a scroll of fog {unknown}
 r - a scroll of remove curse
 w - a scroll of recharging
Potions
 d - a potion of flight
 t - 2 potions of degeneration
Comestibles
 o - a meat ration
 v - a bread ration


   Skills:
 + Level 4.8 Fighting
 + Level 4.2 Axes
 + Level 4.3 Armour
 + Level 4.9 Dodging
 + Level 1.0 Stealth
 + Level 3.0 Invocations


You had 7 spell levels left.
You didn't know any spells.

Dungeon Overview and Level Annotations

Branches:
Dungeon (5/15)
 Temple: D:4-7

Altars:
Gozag
Kikubaaqudgha
Vehumet
The Shining One


Innate Abilities, Weirdness & Mutations

You have very sharp fingernails.
You are partially covered in thin metallic scales (AC +2).
You sometimes gain a little power by taking damage.
You have a pair of small horns on your head.
Scrolls take you a little longer to read.
You are robust (+10% HP).


Message History

The ogre hits you with a giant spiked club!
You hit the ogre.
The ogre is lightly wounded.
The ogre misses you.
You barely miss the ogre. You headbutt the ogre.
The ogre is moderately wounded.
The ogre hits you with a giant spiked club!!
* * * LOW HITPOINT WARNING * * *
You focus on the pain.
You feel very mighty all of a sudden.
You barely miss the ogre. You headbutt the ogre!
The ogre is heavily wounded.
The ogre hits you with a giant spiked club.
* * * LOW HITPOINT WARNING * * *
You slash the ogre!
The ogre is severely wounded.
You slash the ogre!
The ogre is almost dead.
The ogre hits you with a giant spiked club!!
You die...

#.# #### # #.# # #.# #>.
.#.######## #.###.#.#
#.......... #.##.#
#.#####.###.##.### #..((#
#.....####.##.### #.##.##
#...............#
#.###.###.....####.##.#.#
#.# ##(........###.##.#.#
###.#
#..†@O...##..#.##....
#...#
#.#.)###.#.#.#.####.#
#.#.# #.#..# ##.#....#
#.# #.#.#
#.#..####.#..### #.#
#...# #.#.....#.#..# #.#
#..## #.#.....#.#..# #.#
#..#
#.####..#.#..######.#
#..# #.# #..#...........#
#..#
#.####..###..........


You could see an ogre.

Vanquished Creatures
  Grinder (D:4)
  An ice beast (D:5)
  A phantom (D:5)
  A centaur (D:5)
  3 crimson imps (D:5)
  2 giant frog skeletons (D:5)
  2 hounds (D:5)
  2 jellies (D:5)
  Jessica (D:2)
  An orc wizard (D:3)
  4 worker ants
  7 adders
  2 shadow imps (D:5)
  2 oozes (D:3)
  A worm (D:3)
  An adder skeleton (D:4)
  4 giant geckos
  4 orcs (D:3)
  2 ball pythons
  7 bats
  9 hobgoblins
  2 jackals (D:3)
  3 quokkas
  4 giant cockroaches
  A giant gecko skeleton (D:5)
  A giant gecko zombie (D:4)
  5 giant newts
  4 goblins
  11 kobolds
  8 rats
97 creatures vanquished.

Notes
Turn   | Place    | Note
--------------------------------------------------------------
     0 | Abyss:1  | Gargoyl the Demonspawn Abyssal Knight began the quest for the Orb.
     0 | Abyss:1  | Reached XP level 1. HP: 18/18 MP: 2/2
    51 | Abyss:1  | Noticed a large abomination
    54 | Abyss:1  | Noticed a crimson imp
    54 | Abyss:1  | Noticed a thrashing horror
    79 | D:1      | Escaped the Abyss
   278 | D:1      | Acquired Lugonu's first power
   645 | D:1      | Gained mutation: You are partially covered in thin metallic scales (AC +2). [demonic ancestry]
   645 | D:1      | Reached XP level 2. HP: 14/24 MP: 3/3
   772 | D:1      | Noticed an electric eel
  1570 | D:2      | Found an ancient bone altar of Kikubaaqudgha.
  1617 | D:2      | Reached skill level 1 in Dodging
  1664 | D:2      | Gained mutation: You sometimes gain a little power by taking damage. [demonic ancestry]
  1664 | D:2      | Reached XP level 3. HP: 29/29 MP: 5/5
  1821 | D:2      | Noticed Jessica
  1828 | D:2      | Killed Jessica
  2030 | D:2      | Reached XP level 4. HP: 34/36 MP: 6/6
  2051 | D:2      | Acquired Lugonu's second power
  2721 | D:3      | Reached XP level 5. HP: 35/42 MP: 7/7
  3247 | D:4      | Found a radiant altar of Vehumet.
  3600 | D:4      | Noticed Grinder
  3607 | D:4      | Paralysed by Grinder for 3 turns
  3629 | D:4      | Paralysed by Grinder for 6 turns
  3643 | D:4      | Killed Grinder
  3643 | D:4      | Acquired Lugonu's third power
  3643 | D:4      | Reached skill level 4 in Fighting
  3643 | D:4      | Reached XP level 6. HP: 6/48 MP: 8/8
  4098 | D:4      | Found a glowing golden altar of the Shining One.
  4126 | D:5      | Entered Level 5 of the Dungeon
  4236 | D:5      | Gained mutation: You have sharp fingernails. [demonic ancestry]
  4236 | D:5      | Reached XP level 7. HP: 33/54 MP: 9/9
  4465 | D:5      | Reached skill level 1 in Stealth
  5197 | D:5      | Gained mutation: You are robust (+10% HP). [potion of mutation]
  5197 | D:5      | Gained mutation: You have a pair of small horns on your head. [potion of mutation]
  5197 | D:5      | Gained mutation: Scrolls take you a little longer to read. [potion of mutation]
  5502 | D:5      | Found an opulent altar of Gozag.
  5660 | D:5      | Gained mutation: You have very sharp fingernails. [demonic ancestry]
  5660 | D:5      | Reached XP level 8. HP: 41/67 MP: 10/10
  5700 | D:5      | Slain by an ogre

Vault maps used:
D:1:      arrival_aquarium_a
D:2:      nicolae_overflow_hidden_temple, overflow_temple_1_default,
          serial_glass, glass_columns_b, glass_columns_a,
          kennysheep_jessica_study
D:3:      first_bread
D:4:      lemuel_coloured_pillars_altar, vehumet_crystals, uniq_grinder
D:5:      nicolae_gozag_cash_rules_everything_around_me

Action                   |  1- 3 |  4- 6 |  7- 9 || total
-------------------------+-------+-------+-------++-------
Melee: Hand axe          |   115 |   197 |   298 ||   610
       War axe           |       |       |    18 ||    18
Invok: Depart the Abyss  |     1 |       |       ||     1
  Use: Scroll            |     2 |    10 |       ||    12
       Potion            |       |     3 |     5 ||     8
  Eat: Bread ration      |     1 |     1 |     1 ||     3
       Fruit             |       |     5 |       ||     5
